 Dungeon Crawl Stone Soup version 0.18-a0-1718-g40ea4b6 (webtiles) character file.

77 namelastname112 the Ducker (level 4, -5/28 HPs)
             Began as a Deep Elf Monk on Apr 8, 2016.
             Slain by an ogre
             ... wielding a +0 giant spiked club
              (33 damage)
             ... on level 4 of the Dungeon.
             The game lasted 00:03:40 (3860 turns).

namelastname112 the Ducker (Deep Elf Monk)          Turns: 3860, Time: 00:03:41

Health: -5/28      AC:  2    Str:  8    XL:     4   Next: 14%
Magic:  10/10      EV: 15    Int: 16    God:
Gold:   124        SH:  0    Dex: 17    Spells: 1 memorised, 5 levels left

rFire  . . .     SeeInvis .     r - +2 trident (venom)
rCold  . . .     Gourm    .     a - +0 robe
rNeg   . . .     Faith    .     (no shield)
rPois  .         Spirit   .     (no helmet)
rElec  .         Dismiss  .     (no cloak)
rCorr  .         Reflect  .     (no gloves)
SustAt .         Harm     .     (no boots)
MR     .....                    (no amulet)
Stlth  ++........               (no ring)
                                (no ring)

@: not resistant to hostile enchantments, unstealthy
A: no striking features
a: no special abilities


You were on level 4 of the Dungeon.
You were not hungry.

You visited 1 branch of the dungeon, and saw 4 of its levels.

You collected 124 gold pieces.

Inventory:

Hand Weapons
 r - a +2 trident of venom (weapon)
Armour
 a - a +0 robe (worn)
Scrolls
 d - 3 scrolls of teleportation {unknown}
 e - a scroll of recharging {unknown}
 f - a scroll of amnesia {unknown}
 g - 2 scrolls of remove curse {unknown}
 k - a scroll of identify {unknown}
 n - a scroll of magic mapping {unknown}
Potions
 h - 2 potions of mutation {unknown}
 i - a potion of might {unknown}
 j - 3 potions of heal wounds {unknown}
 l - a potion of ambrosia {unknown}
 m - 3 potions of brilliance {unknown}
 o - a potion of curing {unknown}
Books
 p - a book of Battle

   Spells                             Type                      Level
   a - Infusion                       Charms                       1
   b - Shroud of Golubria             Charms/Translocation         2
   c - Song of Slaying                Charms                       2
   d - Spectral Weapon                Hexes/Charms                 3
   e - Regeneration                   Charms/Necromancy            3
Comestibles
 b - 3 bread rations
 c - a meat ration
 q - a beef jerky


   Skills:
 + Level 3.1 Fighting
 + Level 4.4 Dodging
 - Level 2.4 Stealth
 - Level 3.2 Unarmed Combat
 + Level 2.9 Spellcasting
 + Level 0.0 Charms


You had 5 spell levels left.
You knew the following spells:

 Your Spells              Type           Power        Failure   Level  Hunger
a - Regeneration          Chrm/Necr      #.........   65%         3    ###....


Dungeon Overview and Level Annotations

Branches:
Dungeon (4/15)
 Temple: D:4-7

Altars:


Message History

Wield which item (- for none, * to show all)? (? for menu, Esc to quit)
It begins to drip with poison!
r - a +2 trident of venom (weapon)
g - 2 scrolls labeled XETRU TUSIT (gained 1)
The ogre shouts!
You hit the ogre.
The ogre is poisoned.
The ogre is lightly wounded.
The ogre barely misses you.
The ogre looks more healthy.
Attack whom?
Press: ? - help, Dir - move target cursor, f - you
Okay, then.
Attack whom?
Press: ? - help, Dir - move target cursor, f - ogre
Aim: an ogre, wielding a giant spiked club (heavily wounded)
You reach to attack!
You barely miss the ogre.
The ogre is heavily wounded.
The ogre hits you with a giant spiked club!!
Ouch! That really hurt!
You die...

#..# #..# #.# #..# #.#
#######..# #.# #........#
######.########.#####.##
####...#...##............#
...............##...######
#...#....@O.......# #.##
##...#.#..##....#
#....##>.....#..###(#.#
#.........#...##....#
.(....##...........#.<...#
...## ##.....#.#..#......#
. #####.....#.#..#.....##
..............#..# ...#
#######....>###..#


You could see an ogre.

Vanquished Creatures
  2 adders
  A worm (D:3)
  A giant gecko (D:1)
  A bat zombie (D:1)
  6 goblins
  6 hobgoblins
  10 jackals
  4 kobolds
  A ball python (D:1)
  5 bats
  A giant gecko zombie (D:1)
  4 giant newts
  10 rats
52 creatures vanquished.

Notes
Turn   | Place    | Note
--------------------------------------------------------------
     0 | D:1      | namelastname112 the Deep Elf Monk began the quest for the Orb.
     0 | D:1      | Reached XP level 1. HP: 13/13 MP: 3/3
   168 | D:1      | Reached skill level 1 in Spellcasting
   187 | D:1      | Reached XP level 2. HP: 1/18 MP: 5/5
   605 | D:1      | Reached skill level 4 in Dodging
  1545 | D:2      | Reached XP level 3. HP: 19/22 MP: 6/8
  3158 | D:3      | Reached XP level 4. HP: 9/28 MP: 8/10
  3810 | D:4      | Learned a level 3 spell: Regeneration
  3817 | D:4      | Noticed an ogre
  3860 | D:4      | Slain by an ogre

Vault maps used:
D:1:      saegor_arrival_fortress
D:2:      supply_closet_lemuel, minmay_misc_feat_plants
D:3:      first_bread, minmay_misc_feat_square
D:4:      amethyst_overflow_temple_binary, minmay_temple_entry_water_ring,
          serial_shops, nicolae_shop_behind_doors, uniq_menkaure

Skill      XL: |  1  2  3 |
---------------+----------+-----
Spellcasting   | 1 2 |  2.9
Dodging        | 4 |  4.4
Fighting       | 3 |  3.1
Stealth        | |  2.4
Unarmed Combat | |  3.2

Action                   |  1- 3 |  4- 6 || total
-------------------------+-------+-------++-------
Melee: Unarmed           |   203 |    44 ||   247
       Trident           |       |     2 ||     2
 Stab: Sleeping          |     7 |     1 ||     8
  Eat: Chunk             |     7 |     2 ||     9
